 Dungeon Crawl Stone Soup version 0.23-a0-650-ga4d50d4 (webtiles) character file.

101 4thArraOfDagon the Cudgeler (level 4, 0/33 HPs)
             Began as a Mummy Warper on Jan 2, 2019.
             Slain by a bullfrog (4 damage)
             ... on level 6 of the Dungeon.
             The game lasted 00:03:56 (1278 turns).

4thArraOfDagon the Cudgeler (Mummy Warper)          Turns: 1278, Time: 00:03:57

Health: 0/33       AC:  8    Str: 14    XL:     4   Next: 48%
Magic:  8/8        EV: 10    Int: 13    God:
Gold:   149        SH:  0    Dex: 11    Spells: 8/8 levels left

rFire    x . .     SeeInvis .   a - +0 mace
rCold    + . .     Gourm    .   (no shield)
rNeg     + + +     Faith    .   f - +0 ring mail
rPois    ∞         Spirit   .   j - +2 hat
rElec    .         Reflect  .   (no cloak)
rCorr    .         Harm     .   (no gloves)
MR       .....                  i - +0 pair of boots
Stlth    +.........             (no amulet)
HPRegen  0.11/turn              (no ring)
MPRegen  0.11/turn              (no ring)

@: no status effects
A: no food or potions, fire vulnerability, cold resistance 1, negative energy
resistance 3, torment resistance, unbreathing
a: no special abilities


You were on level 6 of the Dungeon.
You were not hungry.

You visited 1 branch of the dungeon, and saw 7 of its levels.

You collected 149 gold pieces.

Inventory:

Hand Weapons
 a - a +0 mace (weapon)
 c - a +2 dagger of draining
Armour
 b - a +0 leather armour
 f - a +0 ring mail (worn)
 i - a +0 pair of boots (worn)
 j - a +2 hat (worn)
Jewellery
 n - an uncursed ring of ice
Scrolls
 d - a scroll of blinking
 k - a scroll of immolation
 l - a scroll of enchant armour
 m - a scroll of fear
Potions
 g - a potion of resistance {unknown}


   Skills:
 + Level 2.0 Fighting
 - Level 4.0 Maces & Flails
 - Level 0.7 Throwing
 + Level 0.7 Armour
 + Level 1.5 Dodging
 - Level 2.6 Spellcasting
   Level 2.4 Translocations


You had 8 spell levels left.
You didn't know any spells.
Your spell library contained the following spells:

 Spells                   Type           Power        Failure   Level  Hunger
 Blink                    Tloc           N/A          26%         2    N/A
 Shroud of Golubria       Chrm/Tloc      #.........   41%         2    N/A
 Gell's Gravitas          Tloc           #.........   47%         3    N/A
 Lesser Beckoning         Tloc           #.........   47%         3    N/A
 Teleport Other           Tloc           #.......     47%         3    N/A
 Passage of Golubria      Tloc           N/A          87%         4    N/A

Dungeon Overview and Level Annotations

Branches:
Dungeon (7/15)
 Temple: D:4-7

Altars:
Fedhas


Innate Abilities, Weirdness & Mutations

You do not eat or drink.
Your flesh is vulnerable to fire.
You are immune to poison.
Your flesh is cold resistant. (rC+)
You are immune to negative energy. (rN+++)
You are immune to unholy pain and torment.
You can survive without breathing.


Message History

You hit the bullfrog but do no damage.
The bullfrog is lightly wounded.
You hear the hiss of a distant avalanche of sand.
The bullfrog hits you.
* * * LOW HITPOINT WARNING * * *
The bullfrog hits you but does no damage.
You barely miss the bullfrog.
The bullfrog is lightly wounded.
The bullfrog hits you.
* * * LOW HITPOINT WARNING * * *
The bullfrog barely misses you.
You hit the bullfrog.
The bullfrog is moderately wounded.
The bullfrog hits you.
* * * LOW HITPOINT WARNING * * *
The bullfrog misses you.
You hit the bullfrog.
The bullfrog is heavily wounded.
The bullfrog barely misses you. The bullfrog hits you.
You die...

#.# #. #.# #.
####.######## #.
#...........#
#...........#
#...........#
......
#...........#
......
#...........#
......
#....@......#
......
#.....F.....#
#####.
#.....÷.....# #.
#...........# #.
#...........####..
####.............$
##############.


You could see a bullfrog.

Vanquished Creatures
  A bullfrog skeleton (D:5)
  A centaur skeleton (D:7)
  An adder (D:2)
  A dart slug (D:3)
  A leopard gecko (D:6)
  3 orcs
  5 bats
  2 giant cockroaches
  4 goblins
  3 hobgoblins
  4 jackals (D:1)
  4 kobolds
  A rat (D:3)
31 creatures vanquished.

Vanquished Creatures (others)
  13 toadstools
13 creatures vanquished.

Grand Total: 44 creatures vanquished

Notes
Turn   | Place    | Note
-------+----------+-------------------------------------------
     0 | D:1      | 4thArraOfDagon the Mummy Warper began the quest for the
                  | Orb.
     0 | D:1      | Reached XP level 1. HP: 16/16 MP: 4/4
   121 | D:1      | Reached skill level 2 in Maces & Flails
   148 | D:1      | Reached XP level 2. HP: 9/22 MP: 5/5
   350 | D:1      | Turgon: Hi! Happy New Year!
   665 | D:2      | Reached skill level 3 in Maces & Flails
   665 | D:2      | Reached XP level 3. HP: 20/27 MP: 7/7
   824 | D:5      | Entered Level 5 of the Dungeon
   842 | D:5      | Reached XP level 4. HP: 18/33 MP: 8/8
   872 | D:5      | Found a blossoming altar of Fedhas.
   880 | D:5      | Noticed a centaur
  1191 | D:7      | Reached skill level 4 in Maces & Flails
  1267 | D:6      | Noticed a bullfrog
  1278 | D:6      | Slain by a bullfrog

Vault maps used:
D:1:      ldierk_walled_garden
D:2:      overflow_temple_1_default, first_ration, kennysheep_nub
D:4:      kennysheep_generic_room_4, uniq_blork_the_orc
D:5:      nicolae_overflow_crystal_walls
D:6:      cheibrodos_fertilizer, minmay_temple_entry_junction, enter_ossuary_2,
          serial_shops, nicolae_shop_behind_doors
D:7:      serial_shops, nicolae_shop_statue_plus, uniq_pikel

Skill      XL: |  1  2  3  4 |
---------------+-------------+-----
Maces & Flails | 2 3 4 |  4.0
Fighting       | |  2.0
Throwing       | |  0.7
Armour         | |  0.7
Dodging        | |  1.5
Spellcasting   | |  2.6
Translocations | |  2.4

Action                   |  1- 3 |  4- 6 || total
-------------------------+-------+-------++-------
Melee: Mace              |    42 |    38 ||    80
       Dagger            |    46 |       ||    46
Throw: Tomahawk          |       |     5 ||     5
  Use: Scroll            |     1 |     4 ||     5
Armor: Leather armour    |     6 |       ||     6
       Ring mail         |    38 |    21 ||    59
Dodge: Dodged            |    61 |    42 ||   103

Table legend:
 A = Non-vault XP
 B = Vault XP
 C = Vault XP percentage of total XP
 D = Non-vault monster count
 E = Vault monster count
 F = Vault count percentage of total count
                 A         B        C        D         E       F
            +---------+---------+-------+---------+---------+-------
      Total |     145 |       0 |   0.0 |      31 |       0 |   0.0
            +---------+---------+-------+---------+---------+-------
        D:1 |      23 |       0 |   0.0 |      12 |       0 |   0.0
        D:2 |      18 |       0 |   0.0 |       4 |       0 |   0.0
        D:3 |      16 |       0 |   0.0 |       9 |       0 |   0.0
        D:4 |       3 |       0 |   0.0 |       1 |       0 |   0.0
        D:5 |      39 |       0 |   0.0 |       1 |       0 |   0.0
        D:6 |       3 |       0 |   0.0 |       1 |       0 |   0.0
        D:7 |      43 |       0 |   0.0 |       3 |       0 |   0.0
            +---------+---------+-------+---------+---------+-------
